 Dungeon Crawl Stone Soup version 0.30-b1-2-g02819fbbbe (webtiles) character file.

Game seed: 15390162301997928522

6816 kizenblaze the Cleaver (level 11, -1/115 HPs)
             Began as an Ogre Monk on June 15, 2023.
             Was a Priest of Okawaru.
             Slain by a yak (7 damage)
             ... on level 10 of the Dungeon.
             The game lasted 01:47:20 (12280 turns).

kizenblaze the Cleaver (Ogre Monk)                 Turns: 12280, Time: 01:47:20

Health: -1/115     AC: 12    Str: 21    XL:     11   Next: 5%
Magic:  17/17      EV: 15    Int: 11    God:    Okawaru [***...]
Gold:   146        SH:  0    Dex: 17    Spells: 15/18 levels left

rFire   . . .        N - +2 war axe (freeze)
rCold   . . .        d - orb {light}
rNeg    . . .        G - +0 steam dragon scales
rPois   .            (helmet restricted)
rElec   .            p - +0 cloak
rCorr   .            (gloves unavailable)
SInv    +            (boots unavailable)
Will    +....        n - amulet of magic regeneration
Stlth   +            z - +6 ring of dexterity
HPRegen 0.00/turn    Q - +4 ring of protection
MPRegen 0.55/turn

%: no passive effects
@: heroic, inhibited regen, glowing
A: large, unfitting armour, tough skin 1, see invisible, inhibited regeneration
a: Renounce Religion, Heroism


You were on level 10 of the Dungeon.
You worshipped Okawaru.
Okawaru was most pleased with you.
You visited 1 branch of the dungeon, and saw 10 of its levels.

You collected 542 gold pieces.
You spent 396 gold pieces at shops.

Inventory:

Hand Weapons
 c - a +0 war axe
 e - a +0 trident
 m - a +1 dire flail of holy wrath
 B - a +3 quarterstaff of chaos
 M - a +0 battleaxe
 N - a +2 war axe of freezing (weapon)
Missiles
 h - 30 poisoned darts (quivered)
 j - 54 stones
 s - 7 boomerangs
 P - 3 curare-tipped darts
Armour
 d - an orb of light (worn)
 p - a +0 cloak (worn)
 G - +0 steam dragon scales (worn)
Magical Staves
 k - a staff of cold
Jewellery
 n - an amulet of magic regeneration (around neck)
 z - a +6 ring of dexterity (left hand)
 Q - a +4 ring of protection (right hand)
 U - a ring of protection from fire
Wands
 C - a wand of quicksilver (7)
 T - a wand of digging (5)
Scrolls
 a - 2 scrolls of noise {unknown}
 b - 4 scrolls of teleportation {unknown}
 f - 7 scrolls of identify {unknown}
 t - 2 scrolls of magic mapping {unknown}
 v - 2 scrolls of poison {unknown}
 w - 2 scrolls of enchant armour {unknown}
 x - a scroll of fear {unknown}
 y - a scroll of immolation {unknown}
 A - 3 scrolls of vulnerability {unknown}
 D - a scroll of blinking {unknown}
 F - a scroll of brand weapon {unknown}
 H - 2 scrolls of silence {unknown}
 O - a scroll of fog {unknown}
 R - a scroll of enchant weapon {unknown}
 S - a scroll of butterflies {unknown}
Potions
 g - a potion of curing
 i - a potion of flight
 l - 3 potions of cancellation
 o - a potion of mutation
 r - 2 potions of degeneration {unknown}
 E - 2 potions of lignification
 I - 4 potions of brilliance {unknown}
 J - a potion of might {unknown}
 K - a potion of magic {unknown}
 L - a potion of invisibility


   Skills:
 + Level 9.6(14.6) Fighting
 + Level 11.7(16.8) Axes
 + Level 0.8(11.8) Maces & Flails
 - Level 1.2(12.6) Polearms
 + Level 4.0(9.0) Throwing
 + Level 5.1(10.1) Dodging
 - Level 4.0 Spellcasting
 * Level 4.5 Ice Magic
 - Level 4.0 Invocations


You had 15 spell levels left.
You knew the following spells:

 Your Spells              Type           Power      Damage    Failure   Level
a - Ozocubu's Armour      Ice            12%        N/A       11%         3

Your spell library contained the following spells:

 Spells                   Type           Power      Damage    Failure   Level
 Ensorcelled Hibernation  Hex/Ice        14%        N/A       14%         2
 Ice Form                 Ice/Tmut       7%         N/A       67%         4
 Cause Fear               Hex            1%         N/A       93%         4
 Metabolic Englaciation   Hex/Ice        3%         N/A       95%         5
 Eringya's Noxious Bog    Tmut/Pois      1%         N/A       100%        6
 Dragon Form              Tmut           1%         N/A       100%        7
 Orb of Destruction       Conj           1%         9d5       100%        7
 Summon Guardian Golem    Hex/Summ       Unusable   N/A       N/A         3
 Simulacrum               Ice/Necr       Unusable   N/A       N/A         6
 Spellforged Servitor     Conj/Summ      Unusable   N/A       N/A         7
 Dragon's Call            Summ           Unusable   N/A       N/A         9

Dungeon Overview and Level Annotations

Branches:
Dungeon (10/15)            Temple (0/1) D:4
   Lair: D:8-11         Orc: D:9-12

Altars:
Elyvilon
Fedhas
Gozag
Nemelex Xobeh
Okawaru
Sif Muna
Vehumet
Xom

Shops:
D:6 =   D:8 *   D:9 !


Innate Abilities, Weirdness & Mutations

You are too large for most types of armour.
You have tough skin. (AC +1)
You have supernaturally acute eyesight. (SInv)
You do not regenerate when monsters are visible.


Message History

You slash the yak! You freeze the yak. You slash the yak! You freeze the yak.
You hit the yak. You freeze the yak.
The yak gores you but does no damage. x3
The yak gores you!
* * * LOW HITPOINT WARNING * * *
The orc priest hits you but does no damage.
You hit the yak but do no damage.
The yak is almost dead.
You slash the yak! You freeze the yak. You hit the yak. You freeze the yak.
You slash the yak! You freeze the yak.
You kill the yak!
Okawaru accepts your kill.
You hit the yak. You freeze the yak. You slash the orc priest!
You freeze the orc priest.
You kill the orc priest!
Okawaru accepts your kill.
The yak gores you but does no damage. x4
You have reached level 11!
It was a potion of invisibility.
You become transparent, but the glow from your halo prevents you from becoming completely invisible.
The yak gores you!
* * * LOW HITPOINT WARNING * * *
The yak gores you but does no damage. The yak gores you!
* * * LOW HITPOINT WARNING * * *
The yak gores you but does no damage. x2
You slash the yak! You freeze the yak.
You kill the yak!
Okawaru accepts your kill.
You slash the yak! You freeze the yak. You slash the yak! You freeze the yak.
You hit the yak. You freeze the yak. You slash the yak! You freeze the yak.
You kill the yak!
Okawaru accepts your kill.
It was a potion of cancellation.
Your magical effects are unravelling.
You feel magically purged.
You feel less wooden.
Your +0 cloak unmelds from your body.
Your +0 steam dragon scales unmelds from your body.
You flicker back into view.
Your resistance to elements expires.
The yak completely misses you. The yak closely misses you. The yak gores you!
You die...

#.#.#.....#.# #.#
#.....#.#.#.###.#
###...........[.# # #.
....#.#.#.#.###.##.#... #
#.#.#.#...##.......#
.....#.......##.#.#.
#######.###...#..........
#........Y....#...###.... #
#.......Y@†#........# ##
..### ##.......Z.Y#..#...#.#
..... #....Z....Z.#.........#
.....Z#....Z.Z....##.##.$#..#
......#...Z.Z.....##.##..#..#
..ZZZZZ#.Z........##.##... .#
..ZZY8Z)).........# ...... ..
..ZZZ.(############ ##.# O#
...ZZ.#


You could see 3 yaks, 3 orc zombies, 2 ogre zombies, a troll zombie and 2 orc
skeletons.

Vanquished Creatures
  Pikel (D:9)
  Maggie (D:6)
  An unseen horror (D:6)
  3 trolls
  A hornet (D:9)
  A shadow (D:10)
  3 yaks (D:10)
  2 steam dragons
  Edmund (D:6)
  3 water moccasins
  2 orc warriors
  2 sky beasts (D:6)
  2 black bears
  2 ice beasts (D:6)
  2 ogres
  A phantom (D:10)
  4 centaurs
  3 lemures (D:9)
  2 kobold brigands (D:9)
  4 bullfrogs
  A gnoll sergeant (D:9)
  A scorpion (D:4)
  5 wights (D:8)
  8 killer bees
  3 howler monkeys
  2 jellies
  2 gnoll boudas
  6 orc priests
  5 hounds
  Crazy Yiuf (D:6)
  7 iguanas
  6 orc wizards
  Ijyb (D:5)
  An ogre zombie (D:10)
  19 gnolls
  4 adders
  A shadow imp (D:6)
  2 worms
  A dart slug (D:1)
  10 orcs
  12 bats
  11 endoplasms
  6 giant cockroaches
  11 hobgoblins
  5 jackals
  8 quokkas
  3 ball pythons
  5 frilled lizards
  4 goblins
  2 goblin skeletons (D:10)
  2 goblin zombies (D:10)
  A hobgoblin zombie (D:10)
  16 kobolds
  6 orc zombies (D:10)
  4 rats
223 creatures vanquished.

Notes
Turn   | Place    | Note
-------+----------+-------------------------------------------
     0 | D:1      | kizenblaze the Ogre Monk began the quest for the Orb.
     0 | D:1      | Reached XP level 1. HP: 24/24 MP: 1/1
    89 | D:1      | Reached XP level 2. HP: 25/32 MP: 2/2
   360 | D:1      | Reached XP level 3. HP: 40/40 MP: 3/3
   902 | D:1      | Got the Octavo of Reformed Hoarfrost
  1418 | D:2      | Reached skill level 4 in Axes
  1530 | D:2      | Reached XP level 4. HP: 49/49 MP: 4/4
  2358 | D:3      | Reached skill level 5 in Fighting
  2358 | D:3      | Reached skill level 1 in Spellcasting
  2361 | D:3      | Reached XP level 5. HP: 34/57 MP: 6/6
  2866 | D:3      | Found a shimmering blue altar of Sif Muna.
  3081 | D:3      | Found an iron altar of Okawaru.
  3175 | D:3      | Became a worshipper of Warmaster Okawaru
  3175 | D:3      | Reached * piety under Okawaru
  3175 | D:3      | Reached ** piety under Okawaru
  3311 | D:3      | Reached skill level 5 in Axes
  4050 | D:4      | Reached XP level 6. HP: 28/66 MP: 8/8
  4230 | D:4      | Found a staircase to the Ecumenical Temple.
  4870 | D:4      | Reached skill level 6 in Axes
  4931 | D:5      | Entered Level 5 of the Dungeon
  4966 | D:5      | Found an opulent altar of Gozag.
  5031 | D:5      | Reached XP level 7. HP: 74/74 MP: 11/11
  5088 | D:5      | Found a sparkling altar of Nemelex Xobeh.
  5276 | D:5      | Reached skill level 7 in Axes
  5311 | D:5      | Reached skill level 1 in Invocations
  5437 | D:5      | Found a blossoming altar of Fedhas.
  5909 | D:5      | Noticed Ijyb
  5937 | D:5      | Killed Ijyb
  6189 | D:6      | Reached XP level 8. HP: 47/73 MP: 13/13
  6352 | D:6      | Noticed Edmund
  6642 | D:6      | Found a runed translucent door.
  6643 | D:6      | Noticed Crazy Yiuf
  6655 | D:6      | Killed Crazy Yiuf
  6764 | D:6      | Noticed Maggie
  6787 | D:6      | Gained mutation: You do not regenerate when monsters are
                  | visible. [potion of mutation]
  6787 | D:6      | Gained mutation: You have supernaturally acute eyesight.
                  | (SInv) [potion of mutation]
  6809 | D:6      | Killed Maggie
  6810 | D:6      | Reached skill level 8 in Axes
  7027 | D:6      | Killed Edmund
  7028 | D:6      | Reached skill level 1 in Polearms
  7187 | D:6      | Reached XP level 9. HP: 93/93 MP: 15/15
  7349 | D:6      | Found Xuown's Jewellery Shop.
  7365 | D:6      | Noticed an unseen horror
  7383 | D:6      | Killed an unseen horror
  7384 | D:6      | Reached skill level 9 in Axes
  7384 | D:6      | Reached skill level 1 in Throwing
  7980 | D:7      | Found a radiant altar of Vehumet.
  8071 | D:7      | Reached skill level 1 in Ice Magic
  8383 | D:7      | Found a white marble altar of Elyvilon.
  8472 | D:7      | Found a shimmering altar of Xom.
  8931 | D:8      | Reached skill level 10 in Axes
  9493 | D:8      | Reached XP level 10. HP: 103/104 MP: 16/16
  9855 | D:8      | Found Hih Jatyrch's Assorted Antiques.
 10281 | D:8      | Learned a level 3 spell: Ozocubu's Armour
 10375 | D:8      | Noticed a lindwurm
 10375 | D:8      | Noticed a lindwurm
 10491 | D:6      | Bought a +4 ring of protection for 396 gold pieces
 10664 | D:9      | Noticed Pikel
 10746 | D:9      | Killed Pikel
 10756 | D:9      | Found Unauh's Distillery.
 11241 | D:9      | Reached skill level 11 in Axes
 11596 | D:9      | Reached *** piety under Okawaru
 12087 | D:10     | Entered Level 10 of the Dungeon
 12125 | D:10     | Noticed a two-headed ogre
 12227 | D:10     | Reached skill level 5 in Dodging
 12278 | D:10     | Reached XP level 11. HP: 31/115 MP: 15/17
 12280 | D:10     | Slain by a yak

Illustrated notes

Levels and vault maps discovered:
D:1:      minmay_arrival_floating_metal, layout_loops_ring, minmay_vboxes
D:2:      layout_basic, grunt_decor_mini_mirrors
D:3:      layout_basic, lemuel_doored_altar, mainiacjoe_overflow_alcove_2
D:4:      layout_basic, minmay_temple_entry_statues_fountains,
          serial_corexii_hall, chequers_hall_statues_y, corexii_hall_statues_l
D:5:      layout_basic, mainiacjoe_overflow_alcove_1,
          mainiacjoe_overflow_small_starburst, mainiacjoe_overflow_brackets,
          uniq_ijyb
D:6:      layout_cave_pools, serial_shops, shop, uniq_crazy_yiuf_cottage,
          uniq_maggie, uniq_edmund
D:7:      layout_loops_ring, nicolae_elyvilon_peaceful_grove,
          nicolae_vehumet_radiance, mainiacjoe_overflow_surrounded_room
D:8:      layout_rooms, serial_shops, nicolae_shop_behind_doors,
          minmay_lindwurm_lava
D:9:      layout_loops_ring, serial_shops, nicolae_shop_window_shopping,
          uniq_pikel
D:10:     layout_basic, chei_slow_surprise, gammafunk_temple_overflow_elements,
          zombieorc2_lemuel, serial_corexii_hall, chequers_hall_statues_wall_a,
          corexii_hall_statues_i

Skill      XL: |  1  2  3  4  5  6  7  8  9 10 |
---------------+-------------------------------+-----
Dodging        | 3 4 5 |  5.1
Axes           | 4 5 6 7 8 10 11 | 11.7
Fighting       | 5 6 7 8 9 |  9.6
Spellcasting   | 1 2 3 4 |  4.0
Invocations    | 3 4 |  4.0
Polearms       | 1 |  1.2
Throwing       | 2 4 |  4.0
Ice Magic      | 2 4 |  4.5
Maces & Flails | |  0.8

Action                     |  1- 3 |  4- 6 |  7- 9 | 10-12 || total
---------------------------+-------+-------+-------+-------++-------
  Melee: Hand axe          |   125 |   129 |       |       ||   254
         War axe           |       |    18 |   186 |   165 ||   369
         Trident           |       |       |    17 |       ||    17
         Flail             |       |       |     3 |       ||     3
  Throw: Dart              |     1 |    50 |    63 |    34 ||   148
         Stone             |       |     1 |     2 |       ||     3
         Boomerang         |       |     1 |       |       ||     1
   Cast: Ozocubu's Armour  |       |       |       |     2 ||     2
 Invoke: Heroism           |       |     2 |    18 |    11 ||    31
  Evoke: Wand              |       |       |     1 |       ||     1
    Use: Potion            |       |     1 |    11 |     6 ||    18
 Armour: Robe              |    28 |    34 |    13 |       ||    75
         Skin              |       |       |     8 |    19 ||    27
         Steam dragon scal |       |       |    33 |    42 ||    75
  Dodge: Dodged            |    57 |    94 |   126 |   108 ||   385
